 Dungeon Crawl Stone Soup version 0.24.0-29-g8ce449bc06 (webtiles) character file.

Game seed: 14942551387613261867, levelgen mode: deterministic

473 Flugslaktarn the Chopper (level 6, 0/56 HPs)
             Began as a Minotaur Fighter on Nov 16, 2019.
             Slain by Edmund
             ... wielding a +0 flail of protection
              (6 damage)
             ... on level 4 of the Dungeon.
             The game lasted 00:01:32 (2564 turns).

Flugslaktarn the Chopper (Minotaur Fighter)         Turns: 2564, Time: 00:01:32

Health: 0/56       AC: 11    Str: 22    XL:     6   Next: 83%
Magic:  5/5        EV:  6    Int:  5    God:
Gold:   154        SH: 10    Dex: 10    Spells: 5/5 levels left

rFire    . . .     SeeInvis .   a - +0 war axe
rCold    . . .     Gourm    .   c - +0 shield
rNeg     . . .     Faith    .   f - +0 chain mail
rPois    .         Spirit   .   (helmet restricted)
rElec    .         Reflect  .   s - +0 cloak
rCorr    .         Harm     .   (no gloves)
MR       .....                  (no boots)
Stlth    ..........             (no amulet)
HPRegen  0.18/turn              (no ring)
MPRegen  0.09/turn              (no ring)

@: no status effects
A: retaliatory headbutt, horns 2
a: no special abilities


You were on level 4 of the Dungeon.
You were hungry.

You visited 1 branch of the dungeon, and saw 4 of its levels.

You collected 154 gold pieces.

Inventory:

Hand Weapons
 a - a +0 war axe (weapon)
Armour
 c - a +0 shield (worn)
 f - a +0 chain mail (worn)
   (You found it on level 2 of the Dungeon)
 s - a +0 cloak (worn)
   (You found it on level 3 of the Dungeon)
Wands
 v - a wand of digging (6)
   (You found it on level 3 of the Dungeon)
Scrolls
 b - 2 scrolls of remove curse {unknown}
 h - 3 scrolls of teleportation {unknown}
 i - 2 scrolls of identify {unknown}
 j - a scroll of immolation {unknown}
 l - a scroll of magic mapping {unknown}
 m - 2 scrolls of enchant weapon {unknown}
 o - a scroll of enchant armour {unknown}
 t - a scroll of fog {unknown}
Potions
 d - 2 potions of might
 g - 2 potions of curing {unknown}
 k - a potion of lignification {unknown}
 n - a potion of ambrosia {unknown}
 p - 2 potions of cancellation {unknown}
 q - 2 potions of invisibility
Comestibles
 e - 11 rations
 r - 5 chunks of flesh


   Skills:
 + Level 5.2 Fighting
 * Level 6.0 Axes
 + Level 5.3 Armour
 + Level 5.2 Shields


You had 5 spell levels left.
You didn't know any spells.
Your spell library was empty.

Dungeon Overview and Level Annotations

Branches:
Dungeon (4/15)
 Temple: D:4-7

Altars:
Hepliaklqana
Trog

Annotations:
D:4 Edmund


Innate Abilities, Weirdness & Mutations

You reflexively headbutt those who attack you in melee.
You have a pair of horns on your head.


Message History

You headbutt the orc wizard. The orc wizard casts a spell at you.
The magic dart hits you!
* * * LOW HITPOINT WARNING * * *
You closely miss the orc wizard. You headbutt the orc wizard.
The orc wizard is moderately wounded.
You block the orc wizard's attack. x2
You slash the orc wizard!
You kill the orc wizard!
Your Axes skill increases to level 6!
Your shield and chain mail prevent you from hitting Edmund.
Edmund is heavily wounded.
You block Edmund's attack.
You hit Edmund but do no damage.
Edmund is heavily wounded.
Edmund hits you but does no damage. You block Edmund's attack.
You slash Edmund!
Edmund is severely wounded.
Edmund hits you with a +0 flail of protection.
You die...

#...##### #.#
#.#......##
#.#
#.#.#......#
#.#
#.#.######..#
#.# #.#.#
#..# #.#.#
#..# .#.#
#..# # .#
#.####.[###.#
#.....).@@..#
######..#####
#..# #..#
...# ..#..
#..#.# #..###


You could see Edmund.

Vanquished Creatures
  Sigmund (D:2)
  A centaur zombie (D:3)
  A gnoll shaman (D:3)
  A hound (D:3)
  2 orc wizards
  A worker ant (D:4)
  3 adders
  3 gnolls (D:3)
  An ooze (D:2)
  3 worms
  2 dart slugs
  2 leopard geckos (D:3)
  6 orcs
  A ball python (D:3)
  11 bats
  2 giant cockroaches (D:3)
  7 goblins
  2 hobgoblins
  12 kobolds
  4 quokkas
  7 frilled lizards
  10 rats
83 creatures vanquished.

Notes
Turn   | Place    | Note
-------+----------+-------------------------------------------
     0 | D:1      | Flugslaktarn the Minotaur Fighter began the quest for the
                  | Orb.
     0 | D:1      | Reached XP level 1. HP: 19/19 MP: 0/0
   123 | D:1      | Reached XP level 2. HP: 27/27 MP: 1/1
   211 | D:1      | Reached skill level 3 in Axes
   467 | D:2      | Noticed Sigmund
   759 | D:2      | Killed Sigmund
   759 | D:2      | Reached skill level 4 in Axes
   759 | D:2      | Reached XP level 3. HP: 9/34 MP: 2/2
   759 | D:2      | Reached XP level 4. HP: 11/41 MP: 3/3
   759 | D:2      | Reached XP level 5. HP: 13/47 MP: 4/4
  1528 | D:3      | Reached skill level 5 in Axes
  1631 | D:3      | Reached XP level 6. HP: 45/55 MP: 5/5
  1644 | D:3      | Reached skill level 5 in Armour
  1683 | D:3      | Reached skill level 5 in Fighting
  1683 | D:3      | Reached skill level 5 in Shields
  2460 | D:4      | Found a hazy altar of Hepliaklqana.
  2473 | D:4      | Noticed a moth of wrath
  2476 | D:4      | Found a bloodstained altar of Trog.
  2532 | D:4      | Noticed Edmund
  2561 | D:4      | Reached skill level 6 in Axes
  2564 | D:4      | Slain by Edmund

Levels and vault maps discovered:
D:1:      sevenhm_arrival_forest_fort_small_6, layout_basic,
          chequers_serial_rivers_micro_b
D:2:      layout_rooms, serial_forest, infiniplex_forest_lined_2,
          infiniplex_forest_lined_room_2, infiniplex_forest_clump_small,
          infiniplex_forest_end_2, infiniplex_forest_lined_2,
          infiniplex_forest_clump_medium, infiniplex_forest_clump_long,
          first_ration, uniq_sigmund
D:3:      layout_basic
D:4:      minmay_inner_zag, layout_loops_ring, nicolae_dithmenos_shadow_blocks,
          nicolae_overflow_crystal_walls, tgw_trog, lemuel_round_altar,
          minmay_unequal, uniq_grinder, uniq_natasha, uniq_edmund,
          uniq_crazy_yiuf_cottage

Skill      XL: |  1  2  3  4  5  6 |
---------------+-------------------+-----
Axes           | 4 5 6 |  6.0
Fighting       | 4 5 |  5.2
Armour         | 4 5 |  5.3
Shields        | 4 5 |  5.2

Action                   |  1- 3 |  4- 6 || total
-------------------------+-------+-------++-------
Melee: War axe           |    45 |   143 ||   188
       Headbutt          |     5 |    21 ||    26
  Eat: Chunk             |       |     5 ||     5
Armor: Scale mail        |    32 |     1 ||    33
       Chain mail        |       |    79 ||    79
Dodge: Dodged            |    20 |    38 ||    58
Block: Shield            |    29 |   101 ||   130
